 Dungeon Crawl Stone Soup version 0.30-a0-802-gb92711bcdf (webtiles) character file.

Game seed: 4626144020241688083

21 sircluck the Sneak (level 3, -7/22 HPs)
             Began as a Kobold Brigand on Feb 23, 2023.
             Killed from afar by Natasha (11 damage)
             ... with a puff of flame
             ... on level 2 of the Dungeon.
             The game lasted 00:01:39 (887 turns).

sircluck the Sneak (Kobold Brigand)                  Turns: 887, Time: 00:01:40

Health: -7/22      AC:  3    Str:  8    XL:     3   Next: 5%
Magic:  3/3        EV: 14    Int: 12    God:
Gold:   110        SH:  0    Dex: 18    Spells: 2/2 levels left

rFire   . . .      SeeInvis .    a - +2 dagger
rCold   . . .      Faith    .    (no shield)
rNeg    . . .      Spirit   .    b - +0 robe
rPois   .          Reflect  .    (no helmet)
rElec   .          Harm     .    c - +0 cloak
rCorr   .          Rampage  .    (no gloves)
Will    .....                    (no boots)
Stlth   ++++                     (no amulet)
HPRegen 0.23/turn                (no ring)
MPRegen 0.08/turn                (no ring)

@: slowed, very slow
A: small, no large weapons, nightstalker 3
a: no special abilities


You were on level 2 of the Dungeon.
You visited 1 branch of the dungeon, and saw 3 of its levels.

You collected 110 gold pieces.

Inventory:

Hand Weapons
 a - a +2 dagger (weapon)
Missiles
 d - 7 poisoned darts (quivered)
 e - 3 curare-tipped darts
 m - 4 javelins
 o - 2 stones
Armour
 b - a +0 robe (worn)
 c - a +0 cloak (worn)
Scrolls
 g - a scroll of teleportation {unknown}
 h - 3 scrolls of identify {unknown}
 l - a scroll of immolation {unknown}
Potions
 f - a potion of attraction {unknown}
 i - a potion of berserk rage {unknown}
 j - a potion of curing {unknown}
 k - a potion of mutation {unknown}
 n - 2 potions of invisibility {unknown}


   Skills:
 + Level 2.3 Fighting
 + Level 2.6 Short Blades
 + Level 2.3 Throwing
 + Level 1.2 Dodging
 + Level 6.3 Stealth


You had 2 spell levels left.
You didn't know any spells.
Your spell library was empty.

Dungeon Overview and Level Annotations

Branches:
Dungeon (3/15)

Altars:

Annotations:
D:2 Natasha


Innate Abilities, Weirdness & Mutations

You are small and have problems with some larger weapons.
You are completely attuned to the shadows.


Message History

The rat is moderately wounded.
The rat closely misses you.
You hit the rat.
You kill the rat!
You have reached level 3!
Your experience leads to an increase in your attributes!
Increase (S)trength, (I)ntelligence, or (D)exterity?
You feel agile. x2
HP restored.
A hobgoblin comes into view.
The hobgoblin shouts!
The hobgoblin barely misses you.
You hit the hobgoblin.
The hobgoblin is lightly wounded.
A hobgoblin is nearby!
You closely miss the hobgoblin.
The hobgoblin is lightly wounded.
The hobgoblin closely misses you.
You hit the hobgoblin.
The hobgoblin is moderately wounded.
The hobgoblin closely misses you.
You hit the hobgoblin.
You kill the hobgoblin!
Natasha, Servant of Life and Death comes into view.
She is carrying a wand of flame (15).
Natasha zaps a wand.
The puff of flame hits you!
You throw a poisoned dart. The poisoned dart hits Natasha!
Natasha is poisoned.
You throw a poisoned dart. The poisoned dart hits Natasha.
Natasha zaps a wand.
The puff of flame hits you.
You are too injured to fight recklessly!
Natasha stares at you and mumbles some strange words.
You feel yourself slow down.
You hit Natasha.
Natasha is moderately wounded.
Natasha claws you!
* * * LOW HITPOINT WARNING * * *
Natasha barely misses you. Natasha attacks as you move away!
Natasha barely misses you.
Natasha zaps a wand.
The puff of flame hits you!
Ouch! That really hurt!
You die...

#...... #...... .
#......
..###...(..
..'.†h.(...
.##@#.##.. #...#
#..## #####..#
......## ######
......#
.....#####......#
......<.........#
........######.##


You could see Natasha (poisoned).

Vanquished Creatures
  2 dart slugs (D:1)
  A ball python (D:1)
  2 hobgoblins
  2 jackals (D:1)
  4 kobolds (D:1)
  A frilled lizard (D:1)
  3 goblins (D:1)
  A rat (D:2)
16 creatures vanquished.

Notes
Turn   | Place    | Note
-------+----------+-------------------------------------------
     0 | D:1      | sircluck the Kobold Brigand began the quest for the Orb.
     0 | D:1      | Reached XP level 1. HP: 12/12 MP: 1/1
   354 | D:1      | Reached XP level 2. HP: 9/17 MP: 2/2
   399 | D:1      | Reached skill level 6 in Stealth
   845 | D:2      | Reached XP level 3. HP: 18/22 MP: 3/3
   880 | D:2      | Noticed Natasha
   887 | D:2      | Killed from afar by Natasha

Illustrated notes

Levels and vault maps discovered:
D:1:      wander_arrival_chamber, layout_basic, hangedman_decor_growths
D:2:      layout_basic, basic_altar, kennysheep_nub, minmay_misc_feat_rugged,
          uniq_natasha, uniq_jessica
D:3:      cheibrodos_pilgrimage, layout_loops_cross

Skill      XL: |  1  2 |
---------------+-------+-----
Stealth        | 6 |  6.3
Fighting       | |  2.3
Short Blades   | |  2.6
Throwing       | |  2.3
Dodging        | |  1.2

Action                     || total
---------------------------++-------
  Melee: Dagger            ||    33
  Throw: Dart              ||     2
   Stab: Sleeping          ||     8
 Armour: Robe              ||     2
  Dodge: Dodged            ||    14

Table legend: (Time is in decaauts)
 A = Elapsed time spent in this place.
 B = Non-inter-level travel time spent in this place.
 C = Inter-level travel time spent in this place.
 D = Time resting spent in this place.
 E = Time spent auto-exploring this place.
 F = Levels seen in this place.
 G = Mean time per level.
                   A        B        C        D        E       F      G
               +--------+--------+--------+--------+--------+-----+--------+
         Total |    884 |    881 |      3 |      0 |    625 |   3 |  294.7 |
       Dungeon |    884 |    881 |      3 |      0 |    625 |   3 |  294.7 |
               +--------+--------+--------+--------+--------+-----+--------+

Top non-repeatable levels by time:
     D:1: 816 daAuts
     D:2: 66 daAuts
     D:3: 1 daAuts
